 Dungeon Crawl Stone Soup version 0.31-b1-12-gca42e3d1b8 (webtiles) character file.

Game seed: 15565626601532469833

93 hawla the Changeling (level 4, -1/32 HPs)
             Began as a Merfolk Shapeshifter on Jan 15, 2024.
             Slain by Grinder (3 damage)
             ... on level 3 of the Dungeon.
             The game lasted 00:03:27 (1468 turns).

hawla the Changeling (Merfolk Shapeshifter)         Turns: 1468, Time: 00:03:28

Health: -1/32      AC:  2    Str: 15 (16) XL:     4   Next: 61%
Magic:  4/4        EV: 12    Int:  9      God:
Gold:   78         SH:  0    Dex: 10 (13) Spells: 3/3 levels left

rFire   + .          .
                       - Unarmed
rCold   + . .        (no shield)
rNeg    . . .        a - +0 animal skin
rPois   +            (helmet currently unavailable)
rElec   +            (cloak currently unavailable)
rCorr   +            (gloves currently unavailable)
SInv    .            (boots currently unavailable)
Will    .....        (no amulet)
Stlth   +            (no ring)
HPRegen 0.25/turn    (no ring)
MPRegen 0.09/turn

%: no passive effects
@: beast-form, resistant
A: beast (slay +2), (nimble swimmer 2), mertail
a: Begin Untransformation


You were on level 3 of the Dungeon.
You were a hulking beast.
You visited 1 branch of the dungeon, and saw 3 of its levels.

You collected 78 gold pieces.

Inventory:

Armour
 a - a +0 animal skin (worn)
Jewellery
 b - a ring of positive energy
Talismans
 c - a beast talisman
 d - a flux talisman
Scrolls
 g - 2 scrolls of identify
 h - a scroll of teleportation
Potions
 j - a potion of attraction


   Skills:
 + Level 1.2 Fighting
 + Level 3.8 Dodging
 + Level 0.7 Stealth
 + Level 4.5 Unarmed Combat
 + Level 4.7 Shapeshifting


You had 3 spell levels left.
You didn't know any spells.
Your spell library was empty.

Dungeon Overview and Level Annotations

Branches:
Dungeon (2/15)

Altars:

Annotations:
D:3 Grinder, Robin


Innate Abilities, Weirdness & Mutations

You are a hulking beast.
Your limbs bulge with bestial killing power. (Slay +2)
((You are very nimble when in or above water. (Stealth+, EV+, Speed+++)))
Your lower body shifts to a powerful aquatic tail in water.


Message History

Grinder comes into view.
Grinder blinks!
The orc shouts!
You punch the orc!
You kill the orc!
You hit the orc.
The orc is severely wounded.
The orc hits you with a +0 flail.
You punch the orc!
You kill the orc!
Grinder closely misses you.
You hit Grinder but do no damage. Grinder misses you.
You punch Grinder!
Grinder is moderately wounded.
Grinder hits you.
You writhe in agony.
You closely miss Grinder.
Grinder is moderately wounded.
Grinder hits you.
You hit Grinder.
Grinder is moderately wounded.
Grinder misses you.
You barely miss Grinder.
Grinder is moderately wounded.
Grinder hits you!
You writhe in agony.
* * * LOW HITPOINT WARNING * * *
Okay, then.
Okay, then.
Okay, then.
As you read the scroll labelled IJOIFY GELE, it crumbles to dust.
It is a scroll of amnesia.
You feel forgetful for a moment. Grinder hits you.
* * * LOW HITPOINT WARNING * * *
You writhe in agony.
* * * LOW HITPOINT WARNING * * *
Char dumped successfully.
Unknown command.
You feel protected. Grinder hits you.
You die...
Grinder says, "Hey, I wasn't done torturing you yet!"

### ..# ### #.# ...
... ..# #.##.# #.#
### #.#.# #.#
.....#)5#####.#
#....h....#.#######
#..................#
#.####.~##.#.#####.#
...♣~♣..#.## #.# #
.♣~~~~~~..#.####.#...
♣~~~~~~♣###..)....#
♣~≈~P~~~.#.###..###
♣≈≈~~P~~#)## #..#
~≈≈~~~~♣#.# #..#


You could see Grinder.

Vanquished Creatures
  An orc wizard (D:3)
  An adder (D:2)
  2 ribbon worms
  2 orcs (D:3)
  2 ball pythons (D:1)
  2 bats (D:2)
  7 endoplasms
  A giant cockroach (D:1)
  10 goblins
  3 hobgoblins
  3 quokkas
  A frilled lizard (D:3)
  7 kobolds
  3 rats
45 creatures vanquished.

Notes
Turn   | Place    | Note
-------+----------+-------------------------------------------
     0 | D:1      | hawla the Merfolk Shapeshifter began the quest for the Orb.
     0 | D:1      | Reached XP level 1. HP: 15/15 MP: 1/1
   162 | D:1      | Reached XP level 2. HP: 20/21 MP: 2/2
   896 | D:2      | Reached XP level 3. HP: 5/26 MP: 3/3
  1277 | D:2      | You fall into a shaft and drop 1 floor!
  1325 | D:3      | Noticed Robin
  1344 | D:3      | Reached XP level 4. HP: 20/32 MP: 4/4
  1457 | D:3      | Noticed Grinder
  1467 | D:3      | HP: 1/32 [Grinder (2)]
  1468 | D:3      | Slain by Grinder

Illustrated notes

Levels and vault maps discovered:
D:1:      nagdon_arrival_zigzag_paths, layout_basic, grunt_decor_one_mirror,
          dreamdust_mushroom_princess
D:2:      wad_crossroads, layout_basic, skrybe_limestone_x, uniq_jessica
D:3:      layout_loops_ring, gammafunk_ghost_mausoleum, serial_bayou_lagoon_b,
          uniq_robin, uniq_sigmund, uniq_grinder

Skill      XL: |  1  2  3 |
---------------+----------+-----
Dodging        | 3 |  3.8
Unarmed Combat | 4 |  4.5
Fighting       | |  1.2
Stealth        | |  0.7
Shapeshifting  | |  4.7

Action                     |  1- 3 |  4- 6 || total
---------------------------+-------+-------++-------
  Melee: Unarmed           |    92 |    33 ||   125
         Tailslap          |     1 |       ||     1
    Use: Scroll            |     5 |     1 ||     6
         Potion            |     5 |     1 ||     6
 Armour: Animal skin       |    36 |    12 ||    48
         Skin              |    11 |       ||    11
  Dodge: Dodged            |    53 |    13 ||    66
